 Dungeon Crawl Stone Soup version 0.31.0-9-g3a7656b989 (webtiles) character file.

Game seed: 12923284546270388417

36196 FinalFate the Bludgeoner (level 13, -4/178 HPs)
             Began as a Minotaur Berserker on Jan 25, 2024.
             Was a High Priest of Trog.
             Succumbed to a green death's bolt of poison
             ... on level 3 of the Abyss on Jan 26, 2024.
             The game lasted 00:45:53 (14726 turns).

FinalFate the Bludgeoner (Minotaur Berserker)      Turns: 14726, Time: 00:45:54

Health: -4/178     AC: 30    Str: 27    XL:     13   Next: 51%
Magic:  12/12      EV:  2    Int:  4    God:    Trog [*****.]
Gold:   1157       SH:  5    Dex: 10    Spells: 12/12 levels left

rFire   . . .        d - +5 great mace (flame)
rCold   . . .        (shield currently unavailable)
rNeg    . . .        I - melded +2 crystal plate armour
rPois   +            z - melded +1 hat {Int+3}
rElec   .            c - melded +1 cloak "Urioneny" {Str+5}
rCorr   .            g - melded +0 pair of gloves
SInv    .            v - melded +2 pair of boots
Will    .....        e - amulet of reflection
Stlth   +            k - +5 ring of evasion
HPRegen 0.00/turn    H - +4 ring of protection
MPRegen 0.13/turn

%: reflection
@: lethally poisoned (-4 -> -27), tree-form, sick
A: stationary, stasis, torment immunity, boosted hp, (horns 2), (retaliatory
headbutt)
a: Renounce Religion, Berserk, Trog's Hand, Brothers in Arms


You were on level 3 of the Abyss.
You worshipped Trog.
Trog was extremely pleased with you.
You were a tree.
You visited 3 branches of the dungeon, and saw 17 of its levels.
You visited the Abyss 1 time.
You also visited: Sewer and Bailey.

You collected 1157 gold pieces.

Inventory:

Hand Weapons
 d - a +5 great mace of flaming (weapon)
 l - a +0 dire flail
Armour
 c - the +1 cloak "Urioneny" (melded) {Str+5}
   (You found it on level 3 of the Dungeon)

   Str+5:     It affects your strength (+5).
 g - a +0 pair of gloves (melded)
 v - a +2 pair of boots (melded)
 y - the scarf of Viseciyps {rC+ rF+, rN+ Slay+3 Stlth-}
   (You acquired it on level 1 of the Lair of Beasts)

   Slay+3:    It affects your accuracy & damage with ranged weapons and melee
   (+3).
   rN+:       It protects you from negative energy.
   Stlth-:    It makes you less stealthy.
 z - a +1 hat of intelligence (melded)
 I - a +2 crystal plate armour (melded)
 K - a +0 pair of boots of rampaging
Jewellery
 e - an amulet of reflection (around neck)
 k - a +5 ring of evasion (left branch)
 H - a +4 ring of protection (right branch)
 M - an amulet of guardian spirit
 N - an amulet of regeneration
Wands
 w - a wand of flame (10)
 D - a wand of mindburst (4)
 F - a wand of quicksilver (9)
 G - a wand of iceblast (16)
Scrolls
 i - 3 scrolls of fog
 m - 5 scrolls of amnesia
 o - 2 scrolls of noise
 q - a scroll of teleportation
 r - a scroll of silence
 t - 4 scrolls of fear
 u - 2 scrolls of poison
 L - 3 scrolls of identify
Potions
 a - 3 potions of might {unknown}
 b - a potion of cancellation {unknown}
 h - 3 potions of degeneration
 j - 3 potions of attraction
 n - 2 potions of lignification
 p - 2 potions of brilliance
 s - 3 potions of mutation
 A - 3 potions of ambrosia {unknown}
 B - 4 potions of haste {unknown}
 C - 2 potions of resistance
 E - a potion of invisibility {unknown}
Miscellaneous
 J - a phial of floods


   Skills:
 * Level 12.9 Fighting
 * Level 18.8 Maces & Flails
 * Level 13.6 Armour
 * Level 9.4 Dodging
 - Level 1.5 Shields


You had 12 spell levels left.
You didn't know any spells.
Your spell library was empty.

Dungeon Overview and Level Annotations

Branches:
Dungeon (13/15)            Temple (1/1) D:6            Lair (3/5) D:8
 Shoals (0/4) Lair:2        Snake (0/4) Lair:2          Orc (0/2) D:12
 Vaults (0/5) D:13          Sewer (visited)          Bailey (visited)

Altars:
Ashenzari
Cheibriados
Dithmenos
Elyvilon
Fedhas
Gozag
Hepliaklqana
Kikubaaqudgha
Makhleb
Nemelex Xobeh
Okawaru
Qazlal
Ru
Sif Muna
Trog
Uskayaw
Vehumet
Wu Jian
Xom
Yredelemnul
Zin
The Shining One

Portals:
Abyss: Lair:3

Annotations:
D:12 1 transporter
Lair:3 1 transporter, Yjeari's ghost, journeyman GrMo


Innate Abilities, Weirdness & Mutations

You are a tree.
Your roots penetrate the ground, keeping you stationary.
You cannot be teleported.
You are immune to unholy pain and torment.
Your maximum health is greatly increased.
Your equipment is partially melded.
((You have a pair of horns on your head.))
((You reflexively headbutt those who attack you in melee.))


Message History

You feel better. The starspawn tentacle grabs you.
The starspawn tentacle constricts you. The tentacle pulls you backwards!
The starspawn tentacle loses its grip on you.
The tentacle pulls you backwards! The starspawn tentacle grabs you.
The starspawn tentacle constricts you.
You feel better.
You feel yourself speed up.
The large abomination closely misses you.
You furiously retaliate!
You headbutt the large abomination! The starspawn tentacle constricts you.
The tentacled starspawn bites you but does no damage.
The tentacled starspawn barely misses you.
The large abomination hits you.
Your iron troll goes berserk!
The starspawn tentacle constricts you.
The tentacled starspawn completely misses you. x2
The large abomination hits you!!
* * * LOW HITPOINT WARNING * * *
Blink to where?
Press: ? - help, Q - select action, (/) - cycle Dir - move target You escape the starspawn tentacle's grasp.
As you read the scroll of blinking, it crumbles to dust.
You recover from your berserk rage.
The green death gestures at you. The bolt of poison hits you.
You are lethally poisoned!
* * * LOW HITPOINT WARNING * * *
* * * LOW HITPOINT WARNING * * *
You feel extremely sick.
* * * LOW HITPOINT WARNING * * *
You feel very sick.
You turn into a tree.
The +1 cloak "Urioneny" {Str+5} melds into your body.
Your +1 hat of intelligence melds into your body.
Your +0 pair of gloves melds into your body.
Your +2 pair of boots melds into your body.
Your +2 crystal plate armour melds into your body.
You feel stupid.
Your roots penetrate the ground.
You die...

. # # ...##. #.. .
...... ... . .... #..#.
#...#..#. #..#X.
#...#..#.# .. #...#..#
###. #
#########...#..#.#.....#
.......♣...2#..#.# ##.##
#########........##...#
#.#.#..#.##X#.##
#.........#* . .
#.#.#..#.## #...
#.#.#..#.# # #.
#.#.#..#.# # # #.. .
.... ..#. .#......## .#.


You could see a green death.

Vanquished Creatures
  Gastronok (Lair:2)
  Erica (D:8)
  6 two-headed ogres
  A boulder beetle (Lair:1)
  A sixfirhy (Lair:3)
  2 skysharks (Lair:3)
  3 orc knights
  2 necromancers (D:13)
  2 ugly things
  A manticore (D:13)
  Joseph (D:8)
  8 elephants
  3 black mambas
  9 cane toads
  A gargoyle (D:11)
  2 kobold demonologists (D:10)
  A rime drake (Lair:3)
  3 komodo dragons
  3 merfolk (Lair:2)
  4 trolls
  An ancient zyme (Lair:3)
  5 blink frogs (Lair:2)
  A raiju (Lair:3)
  2 wraiths
  A shadow (D:12)
  7 slime creatures
  4 wyverns
  A human (D:8)
  4 vampire mosquitoes (D:12)
  14 yaks
  4 steam dragons
  5 basilisks
  A naga (Lair:2)
  2 acid dragons (D:12)
  12 water moccasins
  Duvessa (D:7)
  An ice beast (D:5)
  A laughing skull (D:13)
  An ogre (D:5)
  A sky beast (D:7)
  A black bear (D:8)
  9 orc warriors
  8 wolves
  12 centaurs
  7 kobold brigands
  A phantom (D:5)
  13 bullfrogs
  A scorpion (D:5)
  5 wights (D:9)
  Dowan (D:7)
  16 killer bees
  2 howler monkeys
  A vampire bat (D:5)
  An electric eel (Lair:2)
  A crimson imp (D:5)
  A human zombie (D:8)
  A bombardier beetle (D:3)
  2 gnoll boudas
  7 orc priests
  4 jellies
  2 sleepcaps (D:5)
  3 hounds
  8 iguanas
  14 orc wizards
  16 adders
  9 gnolls
  4 river rats (D:4)
  3 shadow imps
  2 white imps
  11 dart slugs
  3 fire bats (D:5)
  2 ribbon worms
  67 orcs
  2 spectral bats (D:5)
  14 ball pythons
  3 bat skeletons (D:5)
  A bat zombie (D:5)
  19 endoplasms
  9 giant cockroaches
  5 hobgoblins
  8 jackals (D:2)
  34 kobolds
  4 quokkas
  18 bats
  A bat simulacrum (D:5)
  7 frilled lizards
  7 goblins
  A jackal zombie (D:8)
  9 rats
504 creatures vanquished.

Vanquished Creatures (others)
  A kobold brigand (D:7)
  6 kobolds
  7 starspawn tentacles (Abyss:3)
14 creatures vanquished.

Grand Total: 518 creatures vanquished

Notes
Turn   | Place    | Note
-------+----------+-------------------------------------------
     0 | D:1      | FinalFate the Minotaur Berserker began the quest for the
                  | Orb.
     0 | D:1      | Reached XP level 1. HP: 19/19 MP: 0/0
   150 | D:1      | Reached XP level 2. HP: 27/27 MP: 1/1
   193 | D:1      | Reached skill level 4 in Maces & Flails
   974 | D:2      | Reached XP level 3. HP: 16/33 MP: 2/2
  1086 | D:2      | Reached ** piety under Trog
  1364 | D:2      | Reached XP level 4. HP: 41/41 MP: 3/3
  1600 | D:2      | Reached skill level 1 in Shields
  1627 | D:2      | Found an opulent altar of Gozag.
  1627 | D:2      | Found a snail-covered altar of Cheibriados.
  1627 | D:2      | Found a basalt altar of Yredelemnul.
  1627 | D:2      | Found a glowing silver altar of Zin.
  1627 | D:2      | Found a broken altar of Ashenzari.
  1627 | D:2      | Found a glowing golden altar of the Shining One.
  1632 | D:2      | Reached skill level 5 in Maces & Flails
  1638 | D:2      | Reached XP level 5. HP: 19/47 MP: 4/4
  1852 | D:3      | Reached *** piety under Trog
  2181 | D:3      | Identified the +1 cloak "Urioneny" {Str+5}
  2584 | D:4      | Reached skill level 6 in Maces & Flails
  2586 | D:4      | Reached XP level 6. HP: 45/55 MP: 5/5
  2602 | D:4      | Found a glowing drain.
  2607 | Sewer    | Entered a sewer
  2666 | Sewer    | Reached skill level 5 in Fighting
  2822 | Sewer    | Reached **** piety under Trog
  3002 | D:4      | Reached skill level 7 in Maces & Flails
  3002 | D:4      | Reached XP level 7. HP: 49/61 MP: 6/6
  3603 | D:4      | Found a shadowy altar of Dithmenos.
  3610 | D:4      | Reached skill level 8 in Maces & Flails
  3788 | D:5      | Entered Level 5 of the Dungeon
  3800 | D:5      | Reached XP level 8. HP: 58/70 MP: 7/7
  3857 | D:5      | Reached skill level 5 in Armour
  3938 | D:5      | Reached skill level 9 in Maces & Flails
  4011 | D:5      | Reached skill level 5 in Dodging
  4228 | D:5      | Found a glowing golden altar of the Shining One.
  4286 | D:5      | Found an iron altar of Okawaru.
  4286 | D:5      | Found a sparkling altar of Nemelex Xobeh.
  4430 | D:5      | Reached ***** piety under Trog
  4588 | D:5      | Found a burning altar of Makhleb.
  4588 | D:5      | Found a shimmering altar of Xom.
  4629 | D:6      | Found a staircase to the Ecumenical Temple.
  4699 | Temple   | Entered the Ecumenical Temple
  4842 | D:6      | Reached skill level 10 in Maces & Flails
  4987 | D:6      | Reached XP level 9. HP: 78/78 MP: 8/8
  6072 | D:7      | Reached skill level 11 in Maces & Flails
  6144 | D:7      | Noticed Dowan
  6146 | D:7      | Noticed Duvessa
  6153 | D:7      | Killed Dowan
  6165 | D:7      | Killed Duvessa
  6586 | D:8      | Found a staircase to the Lair.
  6596 | D:8      | Reached skill level 12 in Maces & Flails
  6813 | D:8      | Reached XP level 10. HP: 88/88 MP: 9/9
  6919 | D:8      | Noticed Joseph
  6933 | D:8      | Killed Joseph
  6955 | D:8      | Found a runed translucent door.
  6958 | D:8      | Found a basalt altar of Yredelemnul.
  7371 | D:8      | Noticed Erica
  7383 | D:8      | Killed Erica
  7526 | D:8      | Reached skill level 13 in Maces & Flails
  7941 | D:9      | Found a glowing silver altar of Zin.
  7969 | D:9      | Found a flagged portal.
  8005 | Bailey   | Entered a bailey
  8184 | Bailey   | Noticed an orc knight
  8209 | Bailey   | Killed an orc knight
  8362 | Bailey   | Identified the staff "Saxki" {rF+ rCorr MP-9 Dex+3 Fire}
  8397 | Bailey   | Reached skill level 10 in Armour
  8460 | D:9      | Found a broken altar of Ashenzari.
  8470 | D:9      | Found a shimmering blue altar of Sif Muna.
  8493 | D:9      | Received a gift from Trog
  8768 | D:9      | Found an opulent altar of Gozag.
  8825 | D:9      | Noticed a two-headed ogre
  8829 | D:9      | Killed a two-headed ogre
  8830 | D:9      | Reached XP level 11. HP: 88/99 MP: 3/10
  9224 | D:10     | Entered Level 10 of the Dungeon
  9445 | D:10     | Reached skill level 10 in Fighting
  9687 | D:10     | Identified the +9 spear of Equivalence {flame, *Rage rC-
                  | Str+6 Stlth+}
  9733 | D:10     | You fall into a shaft and drop 3 floors!
  9751 | D:13     | Reached skill level 14 in Maces & Flails
  9763 | D:13     | Noticed a necromancer
  9764 | D:13     | Noticed an orc knight
  9768 | D:13     | Killed a necromancer
  9780 | D:13     | Killed an orc knight
  9785 | D:13     | Found a gate to the Vaults.
  9785 | D:13     | Noticed a two-headed ogre
  9785 | D:13     | Noticed a necromancer
  9792 | D:13     | Killed a necromancer
  9801 | D:13     | Killed a two-headed ogre
 10081 | D:13     | Noticed a tengu warrior
 10155 | D:12     | Reached skill level 15 in Maces & Flails
 10157 | D:12     | Noticed a cyan ugly thing
 10171 | D:12     | Killed a cyan ugly thing
 10271 | D:12     | Noticed a sphinx
 10320 | D:12     | Found a snail-covered altar of Cheibriados.
 10563 | D:12     | Noticed an orc knight
 10564 | D:12     | Found a staircase to the Orcish Mines.
 10593 | D:12     | Killed an orc knight
 10594 | D:12     | Reached XP level 12. HP: 96/110 MP: 3/11
 10620 | D:12     | Received a gift from Trog
 10802 | D:12     | Noticed a two-headed ogre
 10806 | D:12     | Killed a two-headed ogre
 10831 | D:12     | Found a transporter.
 10833 | D:12     | Noticed a tengu reaver
 10833 | D:12     | Noticed an ogre mage
 10834 | D:12     | Found a shimmering blue altar of Sif Muna.
 10915 | D:11     | Noticed a two-headed ogre
 10917 | D:11     | Noticed a two-headed ogre
 10927 | D:11     | Killed a two-headed ogre
 10929 | D:11     | Killed a two-headed ogre
 10930 | D:11     | Reached skill level 16 in Maces & Flails
 11095 | D:11     | Noticed a two-headed ogre
 11098 | D:11     | Killed a two-headed ogre
 11337 | Lair:1   | Entered Level 1 of the Lair of Beasts
 11575 | Lair:1   | Reached skill level 17 in Maces & Flails
 11756 | Lair:1   | Found a transporter.
 11758 | Lair:1   | Found a transporter.
 11758 | Lair:1   | Noticed a boulder beetle
 12205 | Lair:1   | Killed a boulder beetle
 12210 | Lair:1   | Identified a scroll of acquirement
 12210 | Lair:1   | Acquired the scarf of Viseciyps {rC+ rF+, rN+ Slay+3
                  | Stlth-}
 12260 | Lair:2   | Found a staircase to the Snake Pit.
 12450 | Lair:2   | Noticed Gastronok
 12476 | Lair:2   | Killed Gastronok
 12477 | Lair:2   | Reached XP level 13. HP: 69/119 MP: 12/12
 12706 | Lair:2   | Found a staircase to the Shoals.
 12937 | Lair:2   | Reached skill level 18 in Maces & Flails
 13335 | Lair:2   | Found a shadowy altar of Dithmenos.
 13733 | Lair:3   | Found a transporter.
 13736 | Lair:3   | Noticed Yjeari's ghost (journeyman GrMo)
 13815 | Lair:3   | Received a gift from Trog
 13896 | Lair:3   | Reached ****** piety under Trog
 14173 | Lair:3   | Identified the +1 buckler "Rauhic" {rF++ Will+ Str+4}
 14185 | Lair:3   | Found a transporter.
 14639 | Lair:3   | Found a one-way gate to the infinite horrors of the Abyss.
 14660 | Abyss:3  | Cast into level 3 of the Abyss (spriggan rider)
 14673 | Abyss:3  | Noticed a tentacled starspawn
 14718 | Abyss:3  | Noticed a green death
 14725 | Abyss:3  | HP: 1/119 [poisoned by a green death (bolt of poison)]
 14726 | Abyss:3  | Succumbed to a green death's bolt of poison

Illustrated notes

Levels and vault maps discovered:
D:1:      dpeg_arrival_round_b, layout_basic, minmay_misc_feat_plants,
          st_stairs_4
D:2:      cheibrodos_fertilizer, layout_rooms, grunt_ministairs_12,
          minmay_hexomino_r4
D:3:      layout_loops_ring
D:4:      layout_loops_ring, mainiacjoe_overflow_alcove_4,
          lightli_sewer_entry_pipes
D:5:      layout_rooms, grunt_temple_overflow_champion_of_chaos,
          gammafunk_temple_overflow_wave, mainiacjoe_overflow_paths,
          goddamned_bats
D:6:      layout_layer_cave, minmay_temple_entry_mist
D:7:      layout_cave_pools, uniq_duvessa
D:8:      layout_loops_corners, dk_yredelemnul_ordeal, david_lair_generic,
          serial_glass, glass_columns_b, glass_columns_b,
          minmay_misc_feat_hallway, serial_bayou_pond_d, uniq_joseph, uniq_erica
D:9:      layout_basic, zin_scriptorium, mainiacjoe_overflow_alcove_2,
          mainiacjoe_overflow_catch_the_wave, enter_bailey_3
D:10:     layout_cave_pools
D:11:     layout_basic, okawaru_ov_weapons_minmay
D:12:     gammafunk_sealed_library, layout_stronghold, david_orc_5,
          cheibriados_altar_1
D:13:     layout_cross, david_vaults_1
Temple:   grunt_temple_mini_profane
Lair:1:   gammafunk_boulding_lane, layout_gridlike
Lair:2:   layout_cave_pods, mainiacjoe_shoals_entry_four_pools,
          guppyfry_snake_entry_island, basic_altar, grunt_megastairs_4,
          uniq_gastronok
Lair:3:   layout_long_grid, gammafunk_ghost_abyssal_escape, beast_lair_carwin_2
Abyss:3:  base: D:1, evilmike_abyss_exit_15, hangedman_abyss_overflow_altar

Skill      XL: |  1  2  3  4  5  6  7  8  9 10 11 12 13 |
---------------+----------------------------------------+-----
Maces & Flails | 4 5 6 7 8 10 12 13 15 17 18 | 18.8
Fighting       | 4 5 6 7 9 11 12 | 12.9
Armour         | 3 4 6 8 10 11 12 13 | 13.6
Shields        | 1 |  1.5
Dodging        | 3 4 5 6 7 8 9 |  9.4

Action                     |  1- 3 |  4- 6 |  7- 9 | 10-12 | 13-15 || total
---------------------------+-------+-------+-------+-------+-------++-------
  Melee: Mace              |    81 |   197 |     9 |       |       ||   287
         Headbutt          |    11 |    24 |    57 |    99 |    22 ||   213
         Flail             |       |       |   138 |       |       ||   138
         Punch             |       |       |     4 |     4 |       ||     8
         Whip              |       |       |   214 |   257 |       ||   471
         Morningstar       |       |       |       |   227 |       ||   227
         Great mace        |       |       |       |   135 |   143 ||   278
 Invoke: Berserk           |       |     1 |     3 |     6 |     1 ||    11
         Trog's Hand       |       |       |       |     1 |       ||     1
         Brothers in Arms  |       |       |       |       |     1 ||     1
  Evoke: Wand              |       |       |       |     6 |       ||     6
    Use: Scroll            |       |     4 |     1 |    21 |     1 ||    27
         Potion            |       |       |       |     7 |     3 ||    10
 Armour: Leather armour    |    62 |    22 |       |       |       ||    84
         Animal skin       |     1 |       |       |       |       ||     1
         Scale mail        |       |    35 |       |       |       ||    35
         Chain mail        |       |    14 |   195 |    74 |       ||   283
         Crystal plate arm |       |       |       |   296 |   108 ||   404
         Skin              |       |       |       |    91 |       ||    91
  Dodge: Dodged            |    55 |   157 |   238 |   411 |    70 ||   931
  Block: Other             |    14 |    49 |    74 |   121 |    27 ||   285
         Reflection        |       |       |     4 |     8 |       ||    12
